 Dungeon Crawl Stone Soup version 0.30.1-4-g462c640d31 (webtiles) character file.

Game seed: 10545219377967197793

40 Hetzau the Scratcher (level 3, -3/15 HPs)
             Began as a Felid Transmuter on Sept 16, 2023.
             Slain by a gnoll
             ... wielding a +0 halberd
              (11 damage)
             ... on level 2 of the Dungeon.
             The game lasted 00:14:53 (1114 turns).

Hetzau the Scratcher (Felid Transmuter)             Turns: 1114, Time: 00:14:54

Health: -3/15      AC:  1    Str:  6    XL:     3   Next: 30%
Magic:  7/7        EV: 18    Int: 14    God:
Gold:   83         SH:  0    Dex: 18    Spells: 5/6 levels left
                                        Lives:  0   Deaths: 0

rFire   . .          .
                       - Unarmed
rCold   . . .        (shield unavailable)
rNeg    . . .        (body armour unavailable)
rPois   .            (helmet unavailable)
rElec   .            (cloak unavailable)
rCorr   .            (gloves unavailable)
SInv    +            (boots unavailable)
Will    .....        d - amulet of regeneration
Stlth   ++           (no ring)
HPRegen 1.02/turn    (no ring)
MPRegen 0.10/turn

%: no passive effects
@: quick
A: very small, claws 1, fangs 3, see invisible, speed 1, shaggy fur 1, stealthy
paws, no weapons or thrown items, no armour, multi-lived
a: no special abilities


You were on level 2 of the Dungeon.
You visited 1 branch of the dungeon, and saw 2 of its levels.

You collected 83 gold pieces.

Inventory:

Missiles
 c - 2 poisoned darts
Jewellery
 d - an amulet of regeneration (around neck)
Scrolls
 b - a scroll of fog {unknown}
 g - a scroll of identify {unknown}
 h - a scroll of enchant weapon {unknown}
Potions
 e - a potion of flight {unknown}
 f - a potion of heal wounds {unknown}


   Skills:
 * Level 1.4 Fighting
 * Level 3.1 Dodging
 * Level 1.3 Stealth
 * Level 3.5 Unarmed Combat
 - Level 2.1 Spellcasting
 + Level 2.5 Transmutations


You had 5 spell levels left.
You knew the following spells:

 Your Spells              Type           Power      Damage    Failure   Level
a - Beastly Appendage     Tmut           16%        N/A       9%          1

Your spell library contained the following spells:

 Spells                   Type           Power      Damage    Failure   Level
 Wereblood                Tmut           8%         N/A       12%         2
 Spider Form              Tmut/Pois      5%         N/A       38%         3
 Ice Form                 Ice/Tmut       5%         N/A       80%         4


Dungeon Overview and Level Annotations

Branches:
Dungeon (2/15)

Altars:

Shops:
D:1 [

Annotations:
D:2 Sigmund


Innate Abilities, Weirdness & Mutations

You have sharp claws.
You have razor-sharp teeth.
You have supernaturally acute eyesight. (SInv)
You cover ground quickly. (Speed+)
You are covered in fur. (AC +1)
Your paws help you pounce on unaware monsters.
You are incapable of wielding weapons or throwing items.
You cannot wear armour.
You gain extra lives every three experience levels.


Message History

You have reached level 3!
Your experience leads to an increase in your attributes!
Increase (S)trength, (I)ntelligence, or (D)exterity?
Uppercase letters only, please.
You feel agile. x2
You hit the hobgoblin but do no damage.
The hobgoblin hits you but does no damage.
The rat twitches its whiskers.
You hit the hobgoblin.
The hobgoblin is almost dead.
The hobgoblin hits you but does no damage.
The gnoll barely misses you.
You barely miss the hobgoblin.
The hobgoblin is almost dead.
The gnoll hits you but does no damage.
The hobgoblin hits you but does no damage.
You smack the hobgoblin!
You kill the hobgoblin!
The gnoll barely misses you.
You cannot move.
Your transformation is almost over.
You smack the gnoll!
You kill the gnoll!
You barely miss the rat. You barely miss the rat. The rat barely misses you.
The gnoll hits you but does no damage.
You hit the rat.
The rat is severely wounded.
The gnoll hits you but does no damage. The rat bites you but does no damage.
You smack the rat!
You kill the rat!
The gnoll hits you but does no damage. The gnoll hits you but does no damage.
You feel less wooden.
The gnoll hits you from afar with a +0 spear!
Ouch! That really hurt!
The gnoll misses you.
The gnoll hits you from afar with a +0 halberd!
Ouch! That really hurt!
You die...

########### ........@.#
.########g############
#######gg...S.....)#
.......w...........##
##..................#
#.###<..#########r.###
#.<.........#####.....
#..##...##........$...
.....###.###.#####...#.#


You could see 2 gnolls, a dart slug and a hobgoblin.

Vanquished Creatures
  An adder (D:2)
  A gnoll (D:2)
  4 bats
  2 endoplasms (D:1)
  4 goblins (D:1)
  4 hobgoblins
  A quokka (D:2)
  A ball python (D:2)
  A frilled lizard (D:1)
  A kobold (D:1)
  2 rats
22 creatures vanquished.

Notes
Turn   | Place    | Note
-------+----------+-------------------------------------------
     0 | D:1      | Hetzau the Felid Transmuter began the quest for the Orb.
     0 | D:1      | Reached XP level 1. HP: 9/9 MP: 4/4
    74 | D:1      | Found Kasul's Antique Armour Boutique.
   275 | D:1      | Reached XP level 2. HP: 12/12 MP: 6/6
  1056 | D:2      | Noticed Sigmund
  1094 | D:2      | Reached skill level 1 in Stealth
  1099 | D:2      | Reached XP level 3. HP: 15/15 MP: 7/7
  1114 | D:2      | Slain by a gnoll

Illustrated notes

Levels and vault maps discovered:
D:1:      dpeg_arrival_rhombus, layout_basic, serial_shops,
          nicolae_shop_scrapyard, minmay_cut_off
D:2:      layout_loops_ring, minmay_tripent, uniq_sigmund

Skill      XL: |  1  2 |
---------------+-------+-----
Stealth        | 1 |  1.3
Dodging        | 3 |  3.1
Fighting       | |  1.4
Unarmed Combat | |  3.5
Spellcasting   | |  2.1
Transmutations | |  2.5

Action                     || total
---------------------------++-------
  Melee: Unarmed           ||    73
         Bite              ||     3
   Cast: Beastly Appendage ||     4
    Use: Potion            ||     1
   Stab: Sleeping          ||     1
 Armour: Skin              ||    17
  Dodge: Dodged            ||    71
